 Dungeon Crawl Stone Soup version 0.25-a0-166-g16436c4407 (webtiles) character file.

Game seed: 3197536311635457135, levelgen mode: deterministic

19435 Gumption the Jinx (level 12, -6/56 HPs)
             Began as a Spriggan Enchanter on Nov 23, 2019.
             Was a High Priest of Dithmenos.
             Hit by a javelin thrown by a minotaur (24 damage)
             ... in a Gauntlet on Nov 24, 2019.
             The game lasted 02:14:04 (19299 turns).

Gumption the Jinx (Spriggan Enchanter)             Turns: 19299, Time: 02:14:05

Health: -6/56      AC: 11    Str:  4    XL:     12   Next: 36%
Magic:  21/26      EV: 18    Int: 21    God:    Dithmenos [*****.]
Gold:   847        SH:  0    Dex: 21    Spells: 14/30 levels left

rFire    . . .     SeeInvis +   a - +3 dagger (pain)
rCold    . . .     Gourm    .   (shield restricted)
rNeg     . . .     Faith    .   r - +1 swamp dragon scales
rPois    +         Spirit   .   (helmet restricted)
rElec    .         Reflect  .   (no cloak)
rCorr    .         Harm     .   (gloves unavailable)
MR       ++...     NoTele   +   (boots unavailable)
Stlth    ++++++++..             (no amulet)
HPRegen  0.18/turn              O - ring "Nenohaf" {AC+3 Dex+4}
MPRegen  0.20/turn              (no ring)

@: wreathed by umbra, very quick
A: very small, unfitting armour, see invisible, herbivore, speed 3, slow
metabolism 2
a: Shadow Step, Shadow Form, Renounce Religion


You were in a Gauntlet.
You worshipped Dithmenos.
Dithmenos was extremely pleased with you.
You were very hungry.

You visited 2 branches of the dungeon, and saw 13 of its levels.
You also visited: Gauntlet.

You collected 945 gold pieces.
You spent 98 gold pieces at shops.

Inventory:

Hand Weapons
 a - a +3 dagger of pain (weapon)
 v - a +0 hunting sling
Missiles
 b - 3 throwing nets
 c - 192 sling bullets
 f - 397 stones (quivered)
 m - 58 poisoned darts
 L - 5 curare-tipped darts
Armour
 r - +1 swamp dragon scales (worn)
Jewellery
 D - the amulet "Soataomoe" {Inacc rF+ Int+2 Stlth+}
   (You found it on level 5 of the Dungeon)

   [amulet of inaccuracy]

   It reduces the accuracy of all your attacks.
   It affects your intelligence (+2).
   It protects you from fire.
   It makes you more stealthy.
 O - the ring "Nenohaf" (left hand) {AC+3 Dex+4}
   (You found it in a Gauntlet)

   [ring of protection]

   It affects your AC (+3).
   It affects your dexterity (+4).
Wands
 y - a wand of acid (16)
 C - a wand of iceblast (13)
 E - a wand of polymorph (31)
 G - a wand of enslavement (10)
 H - a wand of scattershot (5)
 K - a wand of paralysis (4)
Scrolls
 d - 3 scrolls of immolation
 h - 3 scrolls of fear
 k - 7 scrolls of remove curse
 l - 2 scrolls of blinking
 n - 5 scrolls of teleportation
 s - a scroll of random uselessness {unknown}
 w - a scroll of amnesia
 I - a scroll of identify
 M - a scroll of brand weapon {unknown}
 N - a scroll of enchant armour
Potions
 g - 2 potions of mutation
 i - 3 potions of curing
 j - 6 potions of heal wounds
 o - a potion of ambrosia
 p - a potion of resistance
 q - a potion of invisibility
 t - a potion of haste
 u - a potion of brilliance
 x - a potion of magic {unknown}
 z - 2 potions of might
 A - 2 potions of lignification
 B - 2 potions of agility {unknown}
 F - a potion of berserk rage {unknown}
 J - a potion of flight {unknown}
Comestibles
 e - 18 rations


   Skills:
 * Level 3.5 Fighting
 + Level 7.1 Short Blades
 - Level 9.0 Dodging
 + Level 12.5 Stealth
 + Level 9.7 Spellcasting
 * Level 13.2 Hexes
 * Level 10.3 Transmutations
 - Level 4.0 Ice Magic


You had 14 spell levels left.
You knew the following spells:

 Your Spells              Type           Power        Failure   Level  Hunger
a - Ensorcelled Hibernat  Hex/Ice        #####.       1%          2    None
c - Confuse               Hex            ######..     1%          3    None
d - Tukima's Dance        Hex            ######..     1%          3    None
e - Yara's Violent Unrav  Hex/Tmut       ######....   9%          5    ####...
f - Regeneration          Chrm/Necr      ##........   77%         3    None

Your spell library contained the following spells:

 Spells                   Type           Power        Failure   Level  Hunger
 Confusing Touch          Hex            ######       1%          1    None
 Corona                   Hex            ######.      1%          1    None
 Dazzling Spray           Conj/Hex       #####.       9%          3    None
 Summon Guardian Golem    Hex/Summ       #####...     9%          3    None
 Metabolic Englaciation   Hex/Ice        #####.....   32%         5    ####...
 Animate Skeleton         Necr           N/A          38%         1    None
 Pain                     Necr           ##..         38%         1    None
 Summon Small Mammal      Summ           ##..         38%         1    None
 Petrify                  Tmut/Erth      ####....     43%         4    ##.....
 Call Imp                 Summ           ##......     52%         2    None
 Summon Mana Viper        Hex/Summ       #####...     58%         5    ####...
 Call Canine Familiar     Summ           ##......     77%         3    None
 Gell's Gravitas          Tloc           ##........   77%         3    None
 Recall                   Summ/Tloc      N/A          77%         3    None
 Vampiric Draining        Necr           ##........   77%         3    None
 Summon Ice Beast         Ice/Summ       ###.....     87%         4    ##.....
 Animate Dead             Necr           N/A          99%         4    ##.....
 Summon Lightning Spire   Summ/Air       ##......     99%         4    ##.....
 Aura of Abjuration       Summ           ##........   100%        5    ####...
 Summon Demon             Summ           ##........   100%        5    ####...
 Summon Forest            Summ/Tloc      ##........   100%        5    ####...
 Shadow Creatures         Summ           N/A          100%        6    ######.


Dungeon Overview and Level Annotations

Branches:
Dungeon (10/15)            Temple (0/1) D:4            Lair (3/6) D:9
 Shoals (0/4) Lair:2       Spider (0/4) Lair:3      Gauntlet (1/1)
    Orc: D:9-12

Altars:
Ashenzari
Dithmenos
Fedhas
Gozag
Hepliaklqana
Nemelex Xobeh
Okawaru
Qazlal
The Shining One

Shops:
D:4 **

Annotations:
D:8 2 transporters
Lair:2 3 runed translucent doors, Neppajuco's ghost, journeyman CeAK Gauntlet 6 transporters, 2 runed translucent doors, exclusion: ice statue


Innate Abilities, Weirdness & Mutations

You are very small and have problems with some larger weapons.
You are too small for most types of armour.
You have supernaturally acute eyesight. (SInv)
You are a herbivore.
You cover ground extremely quickly.
You need to consume almost no food.


Message History

Aiming: Ensorcelled Hibernation (safe; 1% risk of failure)
Press: ? - help, Shift-Dir - straight line, f/p - minotaur
Aim: a minotaur, wearing a +0 plate armour and wearing an uncursed amulet of harm (umbra, chance to defeat MR: 10%)
The minotaur resists with almost no effort.
Casting: Ensorcelled Hibernation (safe; 1% risk of failure)
Confirm with . or Enter, or press ? or * to list all spells.
Aiming: Ensorcelled Hibernation (safe; 1% risk of failure)
Press: ? - help, Shift-Dir - straight line, f/p - minotaur
Aim: a minotaur, wearing a +0 plate armour and wearing an uncursed amulet of harm (umbra, chance to defeat MR: 10%)
The minotaur resists with almost no effort.
The minotaur throws a javelin.
The javelin pierces through you!!
Ouch! That really hurt!
* * * LOW HITPOINT WARNING * * *
You emit a cloud of dark smoke.
Found a wand of iceblast (11).
Found a gate leading back out of this place.
The minotaur throws a javelin.
The javelin closely misses you.
You see here a javelin.
The minotaur throws a javelin.
The javelin pierces through you!!
You die...

'.#.≈##...#
#.#.≈≈#.8.##. #..
..#.≈##..... #.#
###.###.8.# ...##
#©#..##(..##.##...
#)#...#.8....##.#
..#.∩.#..H##....#
###...#.§.##.##.######
....8.#.§.§..##(@...∩#
###...#.§§##....######
HG#.∩.#.§H##.##....#
#t#...#.8§H§.##.##....#
#(#..##..§##....# ##..
#©#.###.8(##.##....#
=!#.≈##......##.##....#
###.≈≈#.8.##....# ####
###.≈##...#######


You could see a minotaur.

Vanquished Creatures
  A hell beast (Gauntlet)
  A hydra (Lair:3)
  A two-headed ogre (D:8)
  A queen ant (Lair:1)
  3 unseen horrors
  2 merfolk sirens (Lair:2)
  2 spiny frogs (Lair:3)
  A komodo dragon (Lair:2)
  2 merfolk (Lair:2)
  2 hippogriffs
  3 shadows (Gauntlet)
  17 yaks
  4 basilisks
  A wyvern (D:8)
  A warg (Lair:2)
  2 hungry ghosts
  Grum (D:8)
  Edmund (D:3)
  6 soldier ants
  8 porcupines
  4 water moccasins
  A sky beast (D:9)
  2 black bears
  A hornet zombie (D:6)
  4 ice beasts
  An orc warrior (D:7)
  3 phantoms
  7 ogres
  4 centaurs
  8 wolves
  3 crocodiles
  A big kobold (D:9)
  10 bullfrogs
  A wyvern zombie (D:9)
  5 scorpions
  7 wights
  6 howler monkeys
  2 crimson imps (D:7)
  A quasit (D:10)
  3 bullfrog zombies
  4 hounds
  5 orc priests
  2 bullfrog skeletons
  2 jellies
  9 orc wizards
  3 iguanas
  Natasha (thrice) (D:3)
  29 worker ants
  A hound skeleton (D:8)
  A worker ant zombie (D:5)
  Robin (D:3)
  3 gnolls (D:3)
  A howler monkey skeleton (D:4)
  13 adders
  2 shadow imps
  An ooze (D:2)
  An adder skeleton (D:4)
  A worm (D:2)
  A dart slug (D:2)
  5 leopard geckos
  34 orcs
  A giant cockroach (D:6)
  13 goblins
  8 hobgoblins
  A quokka (D:5)
  9 bats
  7 frilled lizards
  12 kobolds
  A leopard gecko skeleton (D:4)
  A leopard gecko zombie (D:8)
  4 rats
  2 plants (Lair:1)
315 creatures vanquished.

Vanquished Creatures (collateral kills)
  A two-headed ogre (D:8)
  Sigmund (D:4)
  2 goblins (D:3)
4 creatures vanquished.

Vanquished Creatures (others)
  3 bushes (D:9)
  A fungus (D:9)
  4 plants
8 creatures vanquished.

Grand Total: 327 creatures vanquished

Notes
Turn   | Place    | Note
-------+----------+-------------------------------------------
     0 | D:1      | Gumption the Spriggan Enchanter began the quest for the
                  | Orb.
     0 | D:1      | Reached XP level 1. HP: 9/9 MP: 5/5
   793 | D:1      | Reached XP level 2. HP: 9/13 MP: 3/6
   890 | D:1      | Learned a level 2 spell: Ensorcelled Hibernation
  1037 | D:1      | Reached skill level 4 in Hexes
  1591 | D:2      | Reached XP level 3. HP: 16/16 MP: 5/8
  1627 | D:2      | Learned a level 3 spell: Confuse
  1719 | D:2      | Reached skill level 5 in Stealth
  1719 | D:2      | Reached skill level 1 in Ice Magic
  1965 | D:2      | Reached XP level 4. HP: 21/21 MP: 4/9
  2252 | D:2      | Found a stormy altar of Qazlal.
  2253 | D:2      | Noticed an air elemental
  2254 | D:2      | Noticed an earth elemental
  2255 | D:2      | Noticed a fire elemental
  2255 | D:2      | Noticed a water elemental
  2587 | D:3      | Reached XP level 5. HP: 21/24 MP: 6/11
  2886 | D:3      | Noticed Robin
  3034 | D:3      | Found a shadowy altar of Dithmenos.
  3043 | D:3      | Became a worshipper of Dithmenos the Shadowed
  3437 | D:3      | Noticed Natasha
  3449 | D:3      | Killed Natasha
  3449 | D:3      | Reached skill level 5 in Hexes
  3485 | D:3      | Learned a level 3 spell: Tukima's Dance
  3495 | D:3      | Found an iron altar of Okawaru.
  3687 | D:3      | Found a stormy altar of Qazlal.
  3960 | D:3      | Noticed Natasha
  3971 | D:3      | Killed Natasha
  4257 | D:3      | Noticed Natasha
  4264 | D:3      | Killed Natasha
  4384 | D:3      | Killed Robin
  4384 | D:3      | Reached XP level 6. HP: 24/28 MP: 5/12
  4848 | D:4      | Noticed Sigmund
  4897 | D:4      | Noticed Edmund
  4926 | D:3      | Killed Edmund
  5721 | D:3      | Reached skill level 5 in Dodging
  5721 | D:3      | Reached skill level 6 in Hexes
  5721 | D:3      | Reached XP level 7. HP: 21/32 MP: 2/14
  5930 | D:4      | Found Duniem's General Store.
  6062 | D:4      | Found an opulent altar of Gozag.
  6426 | D:4      | Killed Sigmund
  6535 | D:4      | Found Wololick's Mass Market.
  6636 | D:4      | Reached * piety under Dithmenos
  6655 | D:4      | Found a staircase to the Ecumenical Temple.
  6978 | D:4      | Reached skill level 5 in Spellcasting
  6978 | D:4      | Reached skill level 7 in Hexes
  6978 | D:4      | Reached XP level 8. HP: 26/36 MP: 7/16
  7189 | D:5      | Entered Level 5 of the Dungeon
  7651 | D:5      | Got a steaming lead amulet
  7888 | D:5      | Found a sparkling altar of Nemelex Xobeh.
  8122 | D:5      | Reached skill level 8 in Hexes
  8770 | D:4      | Bought a ration for 70 gold pieces
  8770 | D:4      | Bought a scroll of identify for 28 gold pieces
  8770 | D:4      | Identified the amulet "Soataomoe" {Inacc rF+ Int+2 Stlth+}
                  | (You found it on level 5 of the Dungeon)
  9160 | D:6      | Reached XP level 9. HP: 20/39 MP: 12/19
  9533 | D:6      | Reached skill level 9 in Hexes
  9912 | D:7      | Found a hazy altar of Hepliaklqana.
  9920 | D:7      | Reached ** piety under Dithmenos
 10825 | D:8      | Learned a level 5 spell: Yara's Violent Unravelling
 11035 | D:8      | Found a blossoming altar of Fedhas.
 11035 | D:8      | Found a shattered altar of Ashenzari.
 11062 | D:8      | Noticed a two-headed ogre
 11063 | D:8      | Reached skill level 1 in Transmutations
 11067 | D:8      | Reached skill level 10 in Hexes
 11219 | D:8      | Noticed a two-headed ogre
 11235 | D:8      | Killed a two-headed ogre
 11235 | D:8      | Reached skill level 10 in Stealth
 11235 | D:8      | Reached XP level 10. HP: 39/44 MP: 11/22
 11809 | D:8      | Killed a two-headed ogre
 12112 | D:8      | Found a glowing golden altar of the Shining One.
 12112 | D:8      | Noticed Grum
 12123 | D:8      | Killed Grum
 12195 | D:8      | Noticed a flayed ghost
 12195 | D:8      | Noticed a cyclops
 12197 | D:8      | Found a transporter.
 12197 | D:8      | Noticed a gargoyle
 12206 | D:8      | Found a transporter.
 12601 | D:9      | Noticed an unseen horror
 12606 | D:9      | Killed an unseen horror
 12606 | D:9      | Reached *** piety under Dithmenos
 12606 | D:9      | Reached skill level 11 in Hexes
 12606 | D:9      | Reached skill level 5 in Transmutations
 12827 | D:9      | Reached skill level 5 in Short Blades
 13053 | D:9      | Found a staircase to the Lair.
 13235 | D:9      | Reached XP level 11. HP: 47/47 MP: 24/24
 13747 | D:9      | Reached **** piety under Dithmenos
 13799 | D:10     | Entered Level 10 of the Dungeon
 13941 | D:10     | Noticed an unseen horror
 13945 | D:10     | Killed an unseen horror
 14246 | D:10     | Reached skill level 12 in Hexes
 14288 | D:10     | Noticed an unseen horror
 14294 | D:10     | Killed an unseen horror
 14623 | Lair:1   | Entered Level 1 of the Lair of Beasts
 15723 | Lair:2   | Noticed a queen ant
 15734 | Lair:2   | Reached skill level 1 in Fighting
 15964 | Lair:1   | Killed a queen ant
 16428 | Lair:1   | Reached ***** piety under Dithmenos
 16972 | Lair:2   | Reached XP level 12. HP: 54/56 MP: 14/26
 17153 | Lair:2   | Learned a level 3 spell: Regeneration
 17471 | Lair:2   | Found a staircase to the Shoals.
 17721 | Lair:2   | Found a runed translucent gate.
 17721 | Lair:2   | Found a runed translucent gate.
 17721 | Lair:2   | Found a runed translucent gate.
 17724 | Lair:2   | Noticed Neppajuco's ghost (journeyman CeAK)
 18344 | Lair:3   | Found a hole to the Spider Nest.
 18366 | Lair:3   | Noticed a four-headed hydra
 18369 | Lair:3   | Reached skill level 13 in Hexes
 18372 | Lair:3   | Reached skill level 10 in Transmutations
 18376 | Lair:3   | Killed a four-headed hydra
 18411 | Lair:3   | Found a gate leading to a gauntlet.
 18429 | Gauntlet | Entered a Gauntlet
 18429 | Gauntlet | Found a transporter.
 18429 | Gauntlet | Found a runed translucent door.
 18429 | Gauntlet | Found a transporter.
 18567 | Gauntlet | Found a runed translucent door.
 18577 | Gauntlet | Found a transporter.
 18581 | Gauntlet | Found a transporter.
 18589 | Gauntlet | Found a transporter.
 18593 | Gauntlet | Found a transporter.
 18600 | Gauntlet | Found a runed translucent door.
 18603 | Gauntlet | Found a transporter.
 18615 | Gauntlet | Noticed a hell beast
 18617 | Gauntlet | Found a transporter.
 18619 | Gauntlet | Noticed a minotaur
 18631 | Gauntlet | Found a transporter.
 18635 | Gauntlet | Found a transporter.
 18643 | Gauntlet | Found a transporter.
 18647 | Gauntlet | Found a transporter.
 19115 | Gauntlet | Killed a hell beast
 19117 | Gauntlet | Got a pitted pewter ring
 19125 | Gauntlet | Identified the ring "Nenohaf" {AC+3 Dex+4} (You found it in
                  | a Gauntlet)
 19156 | Gauntlet | Noticed a fire dragon
 19156 | Gauntlet | a tyrant leech changed into a fire dragon
 19160 | Gauntlet | Noticed an alligator
 19160 | Gauntlet | a fire dragon changed into an alligator
 19164 | Gauntlet | an alligator changed into a slime creature
 19299 | Gauntlet | Hit by a javelin thrown by a minotaur

Levels and vault maps discovered:
D:1:      tarquinn_simple_flora_water_f, layout_loops_ring, minmay_3d_cube
D:2:      minmay_recursive_quarters, layout_basic,
          nicolae_qazlal_style_of_elements
D:3:      layout_loops_ring, grunt_dithmenos_smoke,
          lemuel_coloured_pillars_altar, kennysheep_okawaru_gauntlet,
          first_ration, uniq_robin, uniq_natasha
D:4:      layout_rooms, minmay_temple_entry_butterflies, serial_shops,
          nicolae_shop_temple_entry_statues_fountains,
          small_statue_intersection, minmay_shop_mass, grunt_gozag_statues,
          uniq_edmund, uniq_sigmund
D:5:      layout_basic, nemelex_xobeh_ov_fountains_minmay
D:6:      layout_cave_pools
D:7:      layout_gridville, old_standard_altar
D:8:      layout_loops_ring, gammafunk_temple_overflow_arena,
          grunt_temple_overflow_open, grunt_ogre_cave,
          wad_floor_pattern_untrapped, grunt_ministairs_15, minmay_radiant,
          uniq_grum
D:9:      layout_basic, minmay_lair_entry_grove, grunt_ministairs_2
D:10:     layout_gridville
Lair:1:   wad_woods_04, layout_loops_ring, chequers_serial_rivers_micro_d,
          serial_bayou_shore_a, infiniplex_staircase_pool_2, lemuel_fruit_fields
Lair:2:   beast_lair_carwin_large_2, layout_long_grid,
          elwin_shoals_entry_stream, gammafunk_ghost_necromancy,
          zaba_antful_of_joy
Lair:3:   layout_cave_pods, nicolae_spider_entry_non_spiders,
          gauntlet_entry_generic, lemuel_fruit_fields, lemuel_fruit_fields,
          lemuel_fruit_fields, uniq_fannar
Gauntlet: minmay_gauntlet_77_indecision [minmay_gauntlet_arena_77_double_cross,
          minmay_gauntlet_arena_77_shame_cube,
          minmay_gauntlet_arena_77_block_sizes, minmay_gauntlet_arena_77_mess,
          minmay_gauntlet_arena_77_p_blocks, minmay_gauntlet_arena_77_path,
          gauntlet_exit_green]

Skill      XL: |  1  2  3  4  5  6  7  8  9 10 11 12 |
---------------+-------------------------------------+-----
Hexes          | 4 5 6 7 8 10 11 12 13 | 13.2
Spellcasting   | 3 4 5 6 7 8 9 |  9.7
Stealth        | 5 6 7 8 10 11 12 | 12.5
Ice Magic      | 1 2 3 4 |  4.0
Dodging        | 4 5 7 8 9 |  9.0
Short Blades   | 2 4 5 6 7 |  7.1
Transmutations | 3 6 9 10 | 10.3
Fighting       | 2 3 |  3.5

Action                   |  1- 3 |  4- 6 |  7- 9 | 10-12 || total
-------------------------+-------+-------+-------+-------++-------
Melee: Dagger            |    53 |    82 |   177 |   348 ||   660
Throw: Stone             |     5 |       |       |       ||     5
 Cast: Corona            |    14 |       |       |       ||    14
       Ensorcelled Hiber |    12 |    72 |   105 |   170 ||   359
       Tukima's Dance    |       |     4 |     3 |     3 ||    10
       Confuse           |       |     3 |    36 |    21 ||    60
  Use: Scroll            |     6 |       |    17 |     4 ||    27
       Potion            |       |       |       |     2 ||     2
 Stab: Sleeping          |    18 |    39 |    73 |   136 ||   266
       Confused          |       |     4 |    25 |    15 ||    44
       Distracted        |       |       |     1 |       ||     1
  Eat: Ration            |       |     3 |     4 |     3 ||    10
Armor: Robe              |     1 |     7 |     1 |       ||     9
       Swamp dragon scal |       |       |    12 |    34 ||    46
Dodge: Dodged            |    40 |    74 |   124 |   162 ||   400

Table legend:
 A = Non-vault XP
 B = Vault XP
 C = Vault XP percentage of total XP
 D = Non-vault monster count
 E = Vault monster count
 F = Vault count percentage of total count
                 A         B        C        D         E       F
            +---------+---------+-------+---------+---------+-------
      Total |   16761 |   11004 |  39.6 |     216 |     101 |  31.9
            +---------+---------+-------+---------+---------+-------
        D:1 |      17 |       3 |  15.0 |      12 |       2 |  14.3
        D:2 |      92 |      33 |  26.4 |      15 |       7 |  31.8
        D:3 |     464 |     239 |  34.0 |      23 |      16 |  41.0
        D:4 |     488 |     189 |  27.9 |      18 |       1 |   5.3
        D:5 |     908 |       0 |   0.0 |      26 |       0 |   0.0
        D:6 |     768 |       0 |   0.0 |      18 |       0 |   0.0
        D:7 |    1056 |       0 |   0.0 |      14 |       0 |   0.0
        D:8 |    1610 |    1808 |  52.9 |      16 |      12 |  42.9
        D:9 |    2686 |    2218 |  45.2 |      25 |      17 |  40.5
       D:10 |    2640 |       0 |   0.0 |      20 |       0 |   0.0
     Lair:1 |    2857 |    1680 |  37.0 |      17 |      14 |  45.2
     Lair:2 |     954 |    3196 |  77.0 |       6 |      28 |  82.4
     Lair:3 |    2221 |       0 |   0.0 |       6 |       0 |   0.0
   Gauntlet |       0 |    1638 | 100.0 |       0 |       4 | 100.0
            +---------+---------+-------+---------+---------+-------
